 Dungeon Crawl Stone Soup version 0.29.0-4-gdea44cf6ec (webtiles) character file.

Game seed: 5093915267685957770

29 qw the Chopper (level 3, -1/21 HPs)
             Began as a Tengu Warper on Aug 28, 2022.
             Succumbed to an adder's poison
             ... on level 2 of the Dungeon.
             The game lasted 00:00:05 (1402 turns).

qw the Chopper (Tengu Warper)                       Turns: 1402, Time: 00:00:06

Health: -1/21      AC:  3    Str: 13    XL:     3   Next: 16%
Magic:  7/7        EV: 12    Int: 13    God:
Gold:   28         SH:  0    Dex: 13    Spells: 6/6 levels left

rFire   . . .      SeeInvis .   Y - +0 hand axe
rCold   . . .      Faith    .   (no shield)
rNeg    . . .      Spirit   .   b - +0 leather armour
rPois   .          Reflect  .   (helmet restricted)
rElec   .          Harm     .   (no cloak)
rCorr   .          Rampage  .   (no gloves)
Will    .....                   (boots unavailable)
Stlth   +.........              (no amulet)
HPRegen 0.07/turn               (no ring)
MPRegen 0.10/turn               (no ring)

@: lethally poisoned (-1 -> -6)
A: beak, talons 3
a: no special abilities


You were on level 2 of the Dungeon.
You visited 1 branch of the dungeon, and saw 2 of its levels.

You collected 28 gold pieces.


Innate Abilities, Weirdness & Mutations

You have a beak for a mouth.
You have claws for feet.


   Skills:
 - Level 2.0 Fighting
 + Level 3.9 Axes
 - Level 1.0 Throwing
 - Level 1.1 Armour
 - Level 2.1 Dodging
 - Level 2.0 Spellcasting
 - Level 2.4 Translocations


You had 6 spell levels left.
You didn't know any spells.
Your spell library contained the following spells:

 Spells                   Type           Power      Damage    Failure   Level
 Blink                    Tloc           14%        N/A       19%         2
 Gell's Gravitas          Tloc           7%         N/A       36%         3
 Lesser Beckoning         Tloc           7%         N/A       36%         3
 Teleport Other           Tloc           7%         N/A       36%         3
 Manifold Assault         Tloc           7%         N/A       98%         5

Inventory:

Hand Weapons
 h - a +0 club
 Y - a +0 hand axe (weapon)
Armour
 b - a +0 leather armour (worn)
Potions
 d - a potion of might
 g - a potion of flight {unknown}

Dungeon Overview and Level Annotations

Branches:
Dungeon (2/15)

Altars:

Shops:
D:1 :


Message History

The adder closely misses you.
You closely miss the adder. Your kick misses the adder. The adder bites you.
You miss the adder. x2
The adder bites you but does no damage. The adder bites you.
The adder barely misses you.
You hit the adder but do no damage. You barely miss the adder.
The adder bites you. The adder misses you. The adder bites you.
You closely miss the adder. You peck the adder.
The adder is lightly wounded.
You barely miss the adder. The adder bites you.
You are poisoned.
The adder poisons you! The adder bites you.
You miss the adder. Your peck misses the adder.
The adder is lightly wounded.
You hit the adder.
You feel sick. The adder bites you.
You are lethally poisoned!
The adder poisons you! The adder closely misses you.
The adder barely misses you. The adder closely misses you.
You hit the adder. Your kick misses the adder.
The adder is severely wounded.
You hit the adder.
You feel very sick. The adder barely misses you.
The adder bites you but does no damage.
You barely miss the adder. Your peck misses the adder.
The adder is severely wounded.
You hit the adder.
You feel sick. The adder bites you but does no damage.
The adder barely misses you. The adder bites you but does no damage.
The adder barely misses you.
You barely miss the adder.
The adder is severely wounded.
You closely miss the adder.
You feel sick. The adder closely misses you. The adder misses you.
You barely miss the adder. You claw the adder. You peck the adder.
The adder is almost dead.
You hit the adder.
You die...

## #. #. #. #.# ##.##
#.# #####...###.# ###
.........##.# #..
#.S@.##.# #.# ##S#.##.#
#.# #.###.#.##.# #.#
#..........## #.#
............######.####
#..$...%..............#
...##.#.###.######.##..
#.. #........# #.#### #
###.###..# #.#


You could see 2 adders.

Vanquished Creatures
  2 dart slugs (D:2)
  4 endoplasms
  A goblin (D:1)
  2 hobgoblins (D:1)
  3 jackals (D:1)
  A quokka (D:1)
  2 ball pythons (D:1)
  4 bats
  A frilled lizard (D:1)
  2 kobolds (D:1)
22 creatures vanquished.

Notes
Turn   | Place    | Note
-------+----------+-------------------------------------------
     0 | D:1      | qw the Tengu Warper began the quest for the Orb.
     0 | D:1      | Reached XP level 1. HP: 12/12 MP: 4/4
     0 | D:1      | 0 ||| qw: Version: 0.1-a-89-g26bdef1
     0 | D:1      | 0 ||| qw: Game counter: 1292
     0 | D:1      | 0 ||| qw: Always use a shield: true
     0 | D:1      | 0 ||| qw: God list: Okawaru
     0 | D:1      | 0 ||| qw: Allow faded altars: false
     0 | D:1      | 0 ||| qw: Do Orc after D:15 true
     0 | D:1      | 0 ||| qw: Do second Lair branch before Depths: true
     0 | D:1      | 0 ||| qw: Lair rune preference: random
     0 | D:1      | 0 ||| qw: Plans: Normal
     0 | D:1      | 0 ||| PLANNING D:1-11
    64 | D:1      | 64 ||| Stepping ~*~*~tactically~*~*~ (stealth).
    99 | D:1      | Reached skill level 3 in Axes
    99 | D:1      | Reached XP level 2. HP: 17/17 MP: 6/6
   150 | D:1      | Found a faded altar of an unknown god.
   983 | D:1      | Found Weleil's Book Shoppe.
  1040 | D:1      | 1040 ||| DROPPING ring of flight.
  1041 | D:1      | 1041 ||| READING scroll labelled QOMUDA BAWEGH.
  1042 | D:1      | 1042 ||| READING scroll labelled PAT ITZUNWE.
  1043 | D:1      | 1043 ||| READING scroll labelled YGYG KUGOGGOU.
  1044 | D:1      | 1044 ||| DRINKING 2 golden potions.
  1045 | D:1      | 1045 ||| DROPPING scroll of blinking.
  1137 | D:2      | 1137 ||| Stepping ~*~*~tactically~*~*~ (hiding).
  1146 | D:2      | Reached XP level 3. HP: 21/21 MP: 7/7
  1273 | D:2      | 1273 ||| Stepping ~*~*~tactically~*~*~ (hiding).
  1399 | D:2      | HP: 4/21 [poisoned by an adder]
  1401 | D:2      | HP: 1/21 [poisoned by an adder]
  1402 | D:2      | Succumbed to an adder's poison

Levels and vault maps discovered:
D:1:      dpeg_arrival_boxorama, layout_loops_corners,
          shapermc_ecumenical_altar_rom_forum, serial_shops,
          nicolae_diamond_shop
D:2:      layout_loops_ring, corexii_hall_statues_deadend,
          serial_bayou_lagoon_a, lightli_corner_chamber

Skill      XL: |  1 |
---------------+----+-----
Axes           | 3 |  3.9
Fighting       | |  2.0
Throwing       | |  1.0
Armour         | |  1.1
Dodging        | |  2.1
Spellcasting   | |  2.0
Translocations | |  2.4

Action                   || total
-------------------------++-------
Melee: Hand axe          ||    47
       Kick              ||    12
       Peck              ||    10
Throw: Boomerang         ||     7
  Use: Scroll            ||     3
       Potion            ||     1
Armor: Leather armour    ||    16
Dodge: Dodged            ||    28

Table legend:
 A = Non-vault XP
 B = Vault XP
 C = Vault XP percentage of total XP
 D = Non-vault monster count
 E = Vault monster count
 F = Vault count percentage of total count
                 A         B        C        D         E       F
            +---------+---------+-------+---------+---------+-------
      Total |      42 |       0 |   0.0 |      22 |       0 |   0.0
            +---------+---------+-------+---------+---------+-------
        D:1 |      30 |       0 |   0.0 |      18 |       0 |   0.0
        D:2 |      12 |       0 |   0.0 |       4 |       0 |   0.0
            +---------+---------+-------+---------+---------+-------
